 Dungeon Crawl Stone Soup version 0.28-a0-1374-ga75cb3825e (webtiles) character file.

Game seed: 11294671926244725377

12616 dolemite99 the Cleaver (level 11, 0/151 HPs)
             Began as a Minotaur Fighter on Jan 1, 2022.
             Was an Elder of Ashenzari.
             Succumbed to a cane toad's poison
             ... on level 1 of the Lair of Beasts.
             The game lasted 00:15:21 (15230 turns).

dolemite99 the Cleaver (Minotaur Fighter)          Turns: 15230, Time: 00:15:22

Health: 0/151      AC: 29    Str: 31    XL:     11   Next: 64%
Magic:  10/10      EV:  2    Int:  5    God:    Ashenzari [****..]
Gold:   702        SH:  0    Dex: 10    Spells: 10/10 levels left

rFire   . . .      SeeInvis +   a - +1 war axe
rCold   . . .      Faith    .   c - +0 buckler "At What Cost Knowledge?" {Evo, Elem} (curse)
rNeg    . . .      Spirit   .   (armour currently unavailable)
rPois   +          Reflect  .   (helmet currently unavailable)
rElec   .          Harm     .   (cloak currently unavailable)
rCorr   .          Rampage  .   (gloves currently unavailable)
Will    .....      Clarity  +   (boots currently unavailable)
Stlth   +......... NoTele   +   j - amulet "Circumscribed Together" {Acrobat, Range, Alch} (curse)
HPRegen 0.35/turn               k - ring "Behold Eternity" {Str+6, Bglg, Cun} (curse)
MPRegen 0.12/turn               E - +4 ring of protection

@: confused, lethally poisoned (0 -> -22), tree-form, ambrosia-drunk, acrobatic
A: stationary, stasis, torment immunity, boosted hp, (horns 2), (retaliatory
headbutt)
a: Renounce Religion, Curse Item, Shatter the Chains


You were on level 1 of the Lair of Beasts.
You worshipped Ashenzari.
Ashenzari was greatly pleased with you.
You were a tree.
You visited 3 branches of the dungeon, and saw 13 of its levels.

You collected 702 gold pieces.

Inventory:

Hand Weapons
 a - a +1 war axe (weapon)
 p - the +6 hand axe "Axeranol" {drain, rF++ rC- SInv}
   (You found it on level 2 of the Dungeon)

   A truly terrible weapon, it drains the life of any living foe it strikes.
   rF:        It greatly protects you from fire.
   rC:        It makes you vulnerable to cold.
   SInv:      It lets you see invisible.
 s - a +1 flail of holy wrath
 H - the +2 hunting sling of Ru's Esteem {freeze, rF+ rN+ Int-5}
   (You found it on level 1 of the Lair of Beasts)

   Any ammunition fired from it freezes those it strikes, dealing additional
   cold damage.
   It can also slow down cold-blooded creatures.
   Int:       It affects your intelligence (-5).
   rF:        It protects you from fire.
   rN:        It protects you from negative energy.
 J - a +4 battleaxe
Missiles
 d - 4 throwing nets
 h - 53 bolts
 q - 90 sling bullets
 w - 307 stones
 B - 18 poisoned darts
 U - 2 boomerangs
Armour
 c - the cursed +0 buckler "At What Cost Knowledge?" (worn) {Evo, Elem}

   It has a curse which improves the following skills: Evocations: Evocations.
   Elements:  Fire Magic, Ice Magic, Air Magic and Earth Magic.
 i - a scarf of harm
 A - the cursed +1 plate armour of Ashenzari's Suspicion (melded) {rF++, Cun, Evo}
   (You found it on level 5 of the Dungeon)

   rF:        It greatly protects you from fire.
   It has a curse which improves the following skills: Cunning: Dodging and
   Stealth.
   Evocations: Evocations.
 I - the +10 tower shield of Piared {+Blink MP-9 Slay+5 Stlth+}
   (You found it on level 8 of the Dungeon)

   Slay:      It affects your accuracy & damage with ranged weapons and melee
   (+5).
   MP:        It affects your magic capacity (-9).
   +Blink:    It lets you blink.
   Stlth:     It makes you more stealthy.
 L - a +0 tower shield
 R - the cursed +3 hat of Pondering (melded) {ponderous, Will+ MP+10 Int+5, Comp, Melee}
   (You took it off Gastronok on level 9 of the Dungeon)

   Int:       It affects your intelligence (+5).
   MP:        It affects your magic capacity (+10).
   Will:      It increases your willpower.
   It has a curse which improves the following skills: Companions: Summonings
   and Necromancy.
   Melee Combat: Short Blades, Long Blades, Axes, Maces & Flails, Polearms,
   Staves and Unarmed Combat.
 W - the cursed +1 cloak "Perceptive Henotheism" (melded) {Cun, Range}
   (You found it on level 11 of the Dungeon)

   It has a curse which improves the following skills: Cunning: Dodging and
   Stealth.
   Ranged Combat: Slings, Bows, Crossbows and Throwing.
Jewellery
 g - a ring of magical power
 j - the cursed amulet "Circumscribed Together" (around neck) {Acrobat, Range, Alch}
   (You found it on level 1 of the Dungeon)

   [amulet of the acrobat]

   It increases your evasion while moving and waiting.
   It has a curse which improves the following skills: Ranged Combat: Slings,
   Bows, Crossbows and Throwing.
   Alchemy:   Poison Magic and Transmutations.
 k - the cursed ring "Behold Eternity" (left branch) {Str+6, Bglg, Cun}
   (You found it on level 1 of the Dungeon)

   [ring of strength]

   Str:       It affects your strength (+6).
   It has a curse which improves the following skills: Beguiling: Conjurations,
   Hexes and Translocations.
   Cunning:   Dodging and Stealth.
 m - an amulet of guardian spirit
 n - a ring of willpower
 x - an amulet of regeneration
 E - a +4 ring of protection (right branch)
 G - an amulet of reflection
 K - a ring of resist corrosion
 P - a ring of flight
 T - a +6 ring of intelligence
Wands
 y - a wand of digging (18)
 C - a wand of iceblast (1)
 F - a wand of paralysis (28)
 M - a wand of polymorph (4)
 Q - a wand of flame (27)
Scrolls
 l - 15 scrolls of identify {@r1}
 u - 2 scrolls of fog
 v - 3 scrolls of teleportation
 O - 2 scrolls of holy word
 S - a scroll of enchant weapon
 V - a scroll of magic mapping
Potions
 e - a potion of attraction
 f - 2 potions of flight
 t - a potion of magic
 D - 2 potions of brilliance


   Skills:
 - Level 10.6 Fighting
 - Level 13.6 Axes
 - Level 6.5(8.9) Throwing
 + Level 8.1 Armour
 + Level 8.1 Shields
 - Level 5.8(8.1) Evocations


You had 10 spell levels left.
You didn't know any spells.
Your spell library contained the following spells:

 Spells                   Type           Power      Damage    Failure   Level
 Freeze                   Ice            0%         1d3       43%         1
 Animate Skeleton         Necr           0%         N/A       47%         1
 Pain                     Necr           0%         1d4       47%         1
 Summon Small Mammal      Summ           0%         N/A       47%         1
 Call Imp                 Summ           0%         N/A       63%         2
 Confusing Touch          Hex            0%         N/A       82%         3
 Frozen Ramparts          Ice            0%         1d2       82%         3
 Gell's Gravitas          Tloc           0%         N/A       82%         3
 Teleport Other           Tloc           0%         N/A       82%         3
 Call Canine Familiar     Summ           0%         N/A       85%         3
 Vampiric Draining        Necr           0%         2d6       85%         3
 Hailstorm                Conj/Ice       0%         3d3       99%         4
 Yara's Violent Unravell  Hex/Tmut       0%         3d3       100%        5
 Dispersal                Tloc           0%         N/A       100%        6
 Enfeeble                 Hex            0%         N/A       100%        7


Dungeon Overview and Level Annotations

Branches:
Dungeon (11/15)            Temple (1/1) D:6            Lair (1/6) D:8
    Orc (0/2) D:11

Altars:
Ashenzari
Cheibriados
Dithmenos
Elyvilon
Fedhas
Gozag
Hepliaklqana
Kikubaaqudgha
Makhleb
Nemelex Xobeh
Okawaru
Qazlal
Ru
Sif Muna
Trog
Uskayaw
Vehumet
Wu Jian
Xom
Yredelemnul
Zin
The Shining One

Shops:
D:3 [   D:11 [

Portals:
Abyss: D:6

Annotations:
D:6 2 transporters, Teslajakalope's ghost, novice MiFi
D:11 Fannar


Innate Abilities, Weirdness & Mutations

You are a tree.
Your roots penetrate the ground, keeping you stationary.
You cannot be teleported.
You are immune to unholy pain and torment.
Your maximum health is greatly increased.
Your equipment is partially melded.
((You have a pair of horns on your head.))
((You reflexively headbutt those who attack you in melee.))


Message History

You closely miss the water moccasin.
The water moccasin is heavily wounded.
You slash the polar bear! You hit the cane toad but do no damage.
You feel very sick. You block the polar bear's attack.
The polar bear claws you but does no damage. x2
You block the water moccasin's attack. The cane toad stings you.
* * * LOW HITPOINT WARNING * * *
You are lethally poisoned!
The cane toad poisons you!
You slash the polar bear!
You kill the polar bear!
You miss the water moccasin. You hit the cane toad.
* * * LOW HITPOINT WARNING * * *
You feel extremely sick.
The water moccasin bites you but does no damage.
The cane toad stings you!
* * * LOW HITPOINT WARNING * * *
Okay, then.
Okay, then.
Okay, then.
You hit the water moccasin.
The water moccasin is heavily wounded.
You hit the cane toad.
* * * LOW HITPOINT WARNING * * *
You feel extremely sick.
The water moccasin bites you but does no damage.
You block the cane toad's attack.
You are confused.
You feel invigorated.
* * * LOW HITPOINT WARNING * * *
You feel very sick.
The water moccasin bites you but does no damage.
The cane toad stings you!
* * * LOW HITPOINT WARNING * * *
The water moccasin bites you but does no damage.
You cannot move. (Use ctrl+direction or * direction to attack without moving.)
You cannot move. (Use ctrl+direction or * direction to attack without moving.) Unknown command.
You die...

######....### ##...##
######....# ###...#
........^.# ###...##
..........# ##.....#
.†[.......# #####...##
..........#####.###...#
......................#
...####.###P#.........#
#..# .# *##...♣.....#
#..# * .#** #..F†S....#
#..#* ≈ ,,*#..........#
#..#≈ ≈≈≈.P≈.........##
#.P≈ ≈≈ ♣≈≈P.........#
,≈,≈F ≈≈≈≈...######.# ≈
≈≈ * ≈.≈PP...* *.#
***≈≈ ....... * # ≈≈
,.......** *


You could see a cane toad and a water moccasin.

Vanquished Creatures
  Gastronok (D:9)
  Snorg (D:11)
  Harold (D:11)
  Erica (D:9)
  4 two-headed ogres
  Urug (D:11)
  A rime drake (Lair:1)
  Maggie (D:9)
  A komodo dragon (D:8)
  A troll (D:10)
  A polar bear (Lair:1)
  3 blink frogs (Lair:1)
  A meliai zombie (D:11)
  A shadow (D:10)
  A wyvern (D:8)
  A basilisk (Lair:1)
  6 vampire mosquitoes
  3 acid dragons
  2 water moccasins
  4 orc warriors
  2 sky beasts (D:5)
  An ice beast (D:6)
  2 ogres
  5 centaurs
  2 kobold brigands
  5 bullfrogs
  A wyvern zombie (D:8)
  3 scorpions
  2 wyvern skeletons
  2 water moccasin skeletons (D:6)
  9 wights
  3 howler monkeys
  3 centaur zombies
  3 orc priests
  A hound (D:7)
  2 iguanas
  2 centaur skeletons (D:7)
  6 orc wizards
  3 gnolls (D:6)
  A howler monkey skeleton (D:4)
  5 adders
  2 white imps
  An adder skeleton (D:4)
  2 worms (D:4)
  3 dart slugs
  9 orcs
  6 endoplasms
  5 giant cockroaches
  2 goblins
  6 hobgoblins
  6 jackals
  3 quokkas
  5 ball pythons
  9 bats
  5 frilled lizards
  10 kobolds
  5 rats
178 creatures vanquished.

Vanquished Creatures (others)
  16 plants
16 creatures vanquished.

Grand Total: 194 creatures vanquished

Notes
Turn   | Place    | Note
-------+----------+-------------------------------------------
     0 | D:1      | dolemite99 the Minotaur Fighter began the quest for the
                  | Orb.
     0 | D:1      | Reached XP level 1. HP: 19/19 MP: 0/0
    51 | D:1      | Reached skill level 3 in Axes
   160 | D:1      | Reached XP level 2. HP: 26/26 MP: 1/1
   288 | D:1      | Found a faded altar of an unknown god.
   296 | D:1      | Reached skill level 4 in Axes
   305 | D:1      | Prayed at the altar of an unknown god.
   305 | D:1      | Became a worshipper of Ashenzari the Shackled
   443 | D:1      | Reached XP level 3. HP: 27/31 MP: 2/2
  1061 | D:2      | Identified the +6 hand axe "Axeranol" {drain, rF++ rC-
                  | SInv}
  1164 | D:2      | Reached skill level 5 in Axes
  1304 | D:3      | Noticed a scorpion
  1306 | D:3      | Found Siox's Armour Shop.
  1311 | D:3      | Killed a scorpion
  1312 | D:3      | Reached skill level 6 in Axes
  1312 | D:3      | Reached XP level 4. HP: 39/39 MP: 3/3
  1367 | D:3      | Got Sif Muna's Collected Works on Illusion
  1596 | D:3      | Reached XP level 5. HP: 45/45 MP: 4/4
  1704 | D:3      | Reached * piety under Ashenzari
  1718 | D:4      | Found a glowing silver altar of Zin.
  1718 | D:4      | Found an ancient bone altar of Kikubaaqudgha.
  1718 | D:4      | Found a bloodstained altar of Trog.
  1718 | D:4      | Found a hazy altar of Hepliaklqana.
  1718 | D:4      | Found a stormy altar of Qazlal.
  1718 | D:4      | Found an opulent altar of Gozag.
  1718 | D:4      | Found an ornate altar of the Wu Jian Council.
  1774 | D:4      | Reached ** piety under Ashenzari
  2102 | D:4      | Reached skill level 7 in Axes
  2128 | D:4      | Found a shimmering blue altar of Sif Muna.
  2369 | D:5      | Entered Level 5 of the Dungeon
  2524 | D:5      | Reached XP level 6. HP: 32/51 MP: 5/5
  2765 | D:5      | Reached skill level 8 in Axes
  2884 | D:5      | Identified the +1 plate armour "Kemeuph" {rF++}
  2886 | D:5      | Noticed a sky beast
  2907 | D:5      | Killed a sky beast
  3316 | D:5      | Noticed a sky beast
  3323 | D:5      | Killed a sky beast
  3324 | D:5      | Reached skill level 9 in Axes
  3324 | D:5      | Reached XP level 7. HP: 57/57 MP: 6/6
  3719 | D:6      | Reached skill level 10 in Axes
  4019 | D:6      | Reached skill level 11 in Axes
  4139 | D:6      | Reached XP level 8. HP: 64/64 MP: 7/7
  4274 | D:6      | Reached skill level 12 in Axes
  4274 | D:6      | Found a staircase to the Ecumenical Temple.
  4307 | D:6      | Found a transporter.
  4313 | D:6      | Noticed a red devil
  4313 | D:6      | Noticed an ancient zyme
  4316 | D:6      | Found a transporter.
  4325 | D:6      | Found a one-way gate to the infinite horrors of the Abyss.
  4325 | D:6      | Noticed Teslajakalope's ghost (novice MiFi)
  4675 | Temple   | Entered the Ecumenical Temple
  5003 | D:7      | Reached skill level 13 in Axes
  6312 | D:8      | Identified the +10 tower shield of Piared {+Blink MP-9
                  | Slay+5 Stlth+}
  6328 | D:8      | Reached skill level 1 in Throwing
  6328 | D:8      | Reached skill level 1 in Evocations
  6335 | D:8      | Reached XP level 9. HP: 18/70 MP: 8/8
  7430 | D:8      | Found a staircase to the Lair.
  7431 | D:8      | Noticed a komodo dragon
  7452 | D:8      | Killed a komodo dragon
  8717 | D:9      | Reached skill level 5 in Throwing
  8961 | D:9      | Noticed Gastronok
  8973 | D:9      | Killed Gastronok
  8974 | D:9      | Reached skill level 5 in Evocations
  8974 | D:9      | Reached XP level 10. HP: 34/77 MP: 9/9
  9287 | D:9      | Reached *** piety under Ashenzari
  9556 | D:9      | Noticed Erica
  9567 | D:9      | Killed Erica
  9568 | D:9      | Reached skill level 5 in Fighting
  9961 | D:9      | Noticed a two-headed ogre
  9962 | D:9      | Noticed Maggie
  9976 | D:9      | Killed a two-headed ogre
  9982 | D:9      | Killed Maggie
 10215 | D:9      | Noticed a two-headed ogre
 10224 | D:9      | Killed a two-headed ogre
 10887 | D:10     | Entered Level 10 of the Dungeon
 11070 | D:10     | Noticed a two-headed ogre
 11080 | D:10     | Killed a two-headed ogre
 11081 | D:10     | Reached skill level 10 in Fighting
 11653 | D:10     | Reached XP level 11. HP: 51/101 MP: 10/10
 12277 | D:10     | Found a hide-covered altar of Uskayaw.
 12512 | D:11     | Reached **** piety under Ashenzari
 12516 | D:11     | Noticed a two-headed ogre
 12522 | D:11     | Killed a two-headed ogre
 12610 | D:11     | Found Rulel's Armour Shop.
 12629 | D:11     | Reached skill level 5 in Armour
 12629 | D:11     | Reached skill level 5 in Shields
 12642 | D:11     | Found a staircase to the Orcish Mines.
 12732 | D:11     | Noticed Snorg
 12749 | D:11     | Killed Snorg
 13175 | D:11     | Noticed Fannar
 13184 | D:11     | Noticed Urug
 13202 | D:11     | Killed Urug
 13232 | D:11     | Noticed Harold
 13946 | D:11     | Killed Harold
 14779 | Lair:1   | Entered Level 1 of the Lair of Beasts
 15045 | Lair:1   | Identified the +2 hunting sling of Ru's Esteem {freeze, rF+
                  | rN+ Int-5}
 15229 | Lair:1   | HP: 1/151 [cane toad (12)]
 15230 | Lair:1   | Succumbed to a cane toad's poison

Illustrated notes

Levels and vault maps discovered:
D:1:      dpeg_arrival_lava_altar, layout_rooms,
          ebering_ecumenical_altar_abandoned, minmay_distorted
D:2:      layout_loops_cross
D:3:      layout_basic, serial_shops, nicolae_shop_hallway_plus,
          grunt_decor_resistance, minmay_misc_feat_plants
D:4:      layout_loops_ring, mainiacjoe_overflow_24_doors,
          grunt_temple_overflow_open
D:5:      layout_layer_cave
D:6:      layout_basic, minmay_temple_entry_gardened_gates,
          gammafunk_ghost_abyssal_escape
D:7:      layout_layer_cave
D:8:      layout_loops_ring, david_lair_shrubbed, serial_rivers,
          chequers_serial_rivers_micro_e, chequers_serial_rivers_large_a,
          chequers_serial_rivers_micro_a, chequers_serial_rivers_micro_a,
          chequers_serial_rivers_large_b
D:9:      layout_layer_cave, feat_on_display, uniq_erica, uniq_gastronok,
          uniq_maggie
D:10:     layout_basic, kennysheep_mini, grunt_ogre_cave, minivault_1
D:11:     lemuel_flame_loot_2, layout_loops_ring, orc_david_3, uniq_harold,
          uniq_fannar, uniq_snorg, uniq_urug
Temple:   nicolae_temple_god_jail
Lair:1:   layout_chaotic_city, serial_bayou, serial_bayou_pond_e,
          serial_bayou_lagoon_a, serial_bayou_pond_d, serial_bayou_lake_a

Skill      XL: |  1  2  3  4  5  6  7  8  9 10 11 |
---------------+----------------------------------+-----
Axes           | 3 4 6 7 9 11 13 | 13.6
Throwing       | 2 6 |  6.5
Evocations     | 1 5 |  5.8
Fighting       | 10 | 10.6
Armour         | 4 8 |  8.1
Shields        | 4 8 |  8.1

Action                   |  1- 3 |  4- 6 |  7- 9 | 10-12 || total
-------------------------+-------+-------+-------+-------++-------
Melee: War axe           |    78 |    83 |   169 |   168 ||   498
       Headbutt          |    14 |    15 |    34 |    38 ||   101
Throw: Stone             |       |    13 |    24 |       ||    37
       Dart              |       |       |    23 |    20 ||    43
       Throwing net      |       |       |       |     1 ||     1
Invok: Curse Item        |     1 |     3 |     1 |     2 ||     7
       Shatter the Chain |       |     1 |       |       ||     1
Evoke: Wand              |       |       |    15 |    19 ||    34
  Use: Scroll            |       |     1 |     1 |     3 ||     5
       Potion            |       |       |     3 |    10 ||    13
Armor: Scale mail        |    12 |       |       |       ||    12
       Chain mail        |    32 |    35 |       |       ||    67
       Plate armour      |       |     2 |    74 |    67 ||   143
       Skin              |       |       |       |    11 ||    11
Dodge: Dodged            |    45 |    40 |    96 |    76 ||   257
Block: Buckler           |    26 |    12 |    21 |    31 ||    90

Table legend: (Time is in decaauts)
 A = Elapsed time spent in this place.
 B = Non-inter-level travel time spent in this place.
 C = Inter-level travel time spent in this place.
 D = Time resting spent in this place.
 E = Time spent auto-exploring this place.
 F = Levels seen in this place.
 G = Mean time per level.
                   A        B        C        D        E       F      G
               +--------+--------+--------+--------+--------+-----+--------+
         Total |  15514 |  14884 |    630 |   5138 |   7555 |  13 | 1193.4 |
       Dungeon |  15186 |  14572 |    614 |   5138 |   7381 |  11 | 1380.5 |
        Temple |     47 |     34 |     13 |      0 |     24 |   1 |   47.0 |
          Lair |    280 |    278 |      2 |      0 |    150 |   1 |  280.0 |
               +--------+--------+--------+--------+--------+-----+--------+

Top non-repeatable levels by time:
     D:9: 2311 daAuts
     D:8: 2258 daAuts
    D:10: 2129 daAuts
     D:7: 1979 daAuts
    D:11: 1797 daAuts
     D:5: 1341 daAuts
     D:6: 968 daAuts
     D:1: 700 daAuts
     D:4: 656 daAuts
     D:2: 622 daAuts
     D:3: 420 daAuts
  Lair:1: 280 daAuts
  Temple: 47 daAuts
